 Dungeon Crawl Stone Soup version 0.20.1-1-g8b1a95d66d (webtiles) character file.

57 Peloso the Shield-Bearer (level 4, -3/31 HPs)
             Began as a Halfling Fighter on Nov 19, 2017.
             Killed from afar by Sigmund (4 damage)
             ... with a puff of flame
             ... on level 2 of the Dungeon.
             The game lasted 00:02:19 (727 turns).

Peloso the Shield-Bearer (Halfling Fighter)          Turns: 727, Time: 00:02:21

Health: -3/31      AC:  7    Str: 23    XL:     4   Next: 18%
Magic:  4/4        EV:  9    Int:  6    God:
Gold:   81         SH: 10    Dex: 13    Spells: 3/3 levels left

rFire    . . .     SeeInvis .   a - +0 long sword
rCold    . . .     Gourm    .   c - +0 shield
rNeg     . . .     Faith    .   b - +0 scale mail
rPois    .         Spirit   .   (no helmet)
rElec    .         Reflect  .   (no cloak)
rCorr    .         Harm     .   (no gloves)
MR       .....                  (no boots)
Stlth    ..........             (no amulet)
Regen    0.1/turn               e - ring of wizardry
MPRegen  0.1/turn               (no ring)

@: mighty
A: mutation resistance 1
a: no special abilities


You were on level 2 of the Dungeon.
You were not hungry.

You visited 1 branch of the dungeon, and saw 2 of its levels.

You collected 81 gold pieces.

Inventory:

Hand Weapons
 a - a +0 long sword (weapon)
Armour
 b - a +0 scale mail (worn)
 c - a +0 shield (worn)
Jewellery
 e - a ring of wizardry (left hand)
Scrolls
 g - a scroll of teleportation {unknown}
 i - a scroll of random uselessness {unknown}
 j - a scroll of identify {unknown}
 k - a scroll of remove curse {unknown}
 l - a scroll of enchant armour {unknown}
Comestibles
 f - a bread ration
 h - 3 fruits


   Skills:
 + Level 3.0 Fighting
 + Level 2.7 Long Blades
 + Level 3.7 Armour
 + Level 0.2 Dodging
 + Level 0.2 Stealth
 + Level 4.0 Shields


You had 3 spell levels left.
You didn't know any spells.

Dungeon Overview and Level Annotations

Branches:
Dungeon (2/15)

Altars:
Kikubaaqudgha

Annotations:
D:2 Jessica, Sigmund


Innate Abilities, Weirdness & Mutations

You are small and have problems with some larger weapons.
You are somewhat resistant to further mutation.


Message History

Something hits you.
* * * LOW HITPOINT WARNING * * *
You slice the worm!!
You kill the worm!
The giant cockroach bites you but does no damage.
You block the giant cockroach's attack. Something hits you.
* * * LOW HITPOINT WARNING * * *
You see here a worm corpse.
You miss something.
The giant cockroach bites you but does no damage.
You block something's attack. The giant cockroach bites you.
* * * LOW HITPOINT WARNING * * *
Unknown command.
You hit something.
The giant cockroach bites you but does no damage.
Jessica casts a spell at you.
You hear some strange, mumbled words.
A puff of flame appears from out of thin air!
The puff of flame hits you!
You die...

###...........
....$.......#
#......=...#
#........... ≈
##.........# ≈≈≈
#........... ≈≈..###
#....†.....#
≈.≈....#####......88..#
≈P.....s@{@.........8$#
##.....###............#
#...... #...(..?..P...
######.###...........#
#..##......#.####
###.........##.#
##......##........
#...........###.##
#######..#### #


You could see Jessica and a giant cockroach.

Vanquished Creatures
  An adder zombie (D:2)
  3 adder skeletons (D:2)
  A worm (D:2)
  A dart slug (D:1)
  3 leopard geckos
  2 bat skeletons (D:2)
  A bat zombie (D:2)
  2 giant cockroaches (D:1)
  3 goblins
  2 hobgoblins
  A ball python (D:1)
  4 bats
  3 frilled lizards
  2 giant cockroach zombies (D:2)
  4 kobolds
  6 rats (D:1)
39 creatures vanquished.

Notes
Turn   | Place    | Note
-------+----------+-------------------------------------------
     0 | D:1      | Peloso the Halfling Fighter began the quest for the Orb.
     0 | D:1      | Reached XP level 1. HP: 15/15 MP: 1/1
    98 | D:1      | Reached XP level 2. HP: 20/20 MP: 2/2
   430 | D:1      | Reached XP level 3. HP: 26/26 MP: 3/3
   565 | D:2      | Found an ancient bone altar of Kikubaaqudgha.
   688 | D:2      | Reached skill level 4 in Shields
   688 | D:2      | Reached XP level 4. HP: 30/31 MP: 4/4
   702 | D:2      | Noticed Sigmund
   703 | D:2      | Noticed Jessica
   724 | D:2      | HP: 1/31 [something (3)]
   727 | D:2      | Killed from afar by Sigmund

Skill      XL: |  1  2  3 |
---------------+----------+-----
Fighting       | 3 |  3.0
Shields        | 4 |  4.0
Long Blades    | |  2.7
Armour         | |  3.7
Dodging        | |  0.2
Stealth        | |  0.2

Action                   |  1- 3 |  4- 6 || total
-------------------------+-------+-------++-------
Melee: Long sword        |   103 |    16 ||   119
  Use: Potion            |     1 |     1 ||     2
Armor: Scale mail        |    40 |    18 ||    58
Dodge: Dodged            |    46 |     7 ||    53
Block: Shield            |    72 |    18 ||    90
       Rpst.: Long sword |    19 |     3 ||    22
